 Dungeon Crawl Stone Soup version 0.19.1 (webtiles) character file.

4146 Jesseh the Blocker (level 10, 0/92 HPs)
             Began as a Minotaur Fighter on Nov 28, 2016.
             Was a Priest of Okawaru.
             Slain by a hornet (5 damage)
             ... on level 7 of the Dungeon.
             The game lasted 00:18:41 (7786 turns).

Jesseh the Blocker (Minotaur Fighter)               Turns: 7786, Time: 00:18:41

Health: 0/92       AC: 10    Str: 22    XL:     10   Next: 7%
Magic:  7/9        EV: 11    Int:  6    God:    Okawaru [***...]
Gold:   356        SH: 14    Dex: 11    Spells: 0 memorised, 9 levels left

rFire  . . .     SeeInvis .     a - +0 war axe
rCold  . . .     Gourm    +     b - +0 scale mail
rNeg   . . .     Faith    .     c - +0 shield
rPois  .         Spirit   .     (helmet restricted)
rElec  .         Reflect  .     (no cloak)
rCorr  .         Harm     .     I - +0 pair of gloves
MR     +....                    q - +0 pair of boots
Stlth  +.........               G - amulet of the gourmand
                                (no ring)
                                d - ring of protection from magic

@: lethally poisoned (0 -> -2), heroism, slowed, drained, very slow
A: retaliatory headbutt, horns 2
a: Heroism, Renounce Religion


You were on level 7 of the Dungeon.
You worshipped Okawaru.
Okawaru was most pleased with you.
You were very full.

You visited 2 branches of the dungeon, and saw 9 of its levels.

You collected 356 gold pieces.

Inventory:

Hand Weapons
 a - a +0 war axe (weapon)
 h - a +4 mace
   (You found it on level 1 of the Dungeon)
 v - a +4 trident of protection
   (You took it off an orc on level 4 of the Dungeon)
 B - a +2 dagger of draining
   (You took it off Dowan on level 5 of the Dungeon)
 D - a +4 flail of draining
   (You took it off Edmund on level 5 of the Dungeon)
 H - a +3 vampiric short sword
   (You took it off an orc on level 5 of the Dungeon)
 K - the +7 quarterstaff of Juphuisu {crush, rElec Str+2 SInv, unknown}
   (You found it on level 6 of the Dungeon)

   It inflicts extra damage upon your enemies.
   It affects your strength (+2).
   It insulates you from electricity.
   It lets you see invisible.
Missiles
 o - 2 throwing nets
Armour
 b - a +0 scale mail (worn)
 c - a +0 shield (worn)
 q - a +0 pair of boots (worn)
   (You found it on level 2 of the Dungeon)
 I - a +0 pair of gloves (worn)
   (You found it on level 5 of the Dungeon)
Jewellery
 d - a ring of protection from magic (left hand)
   (You found it on level 5 of the Dungeon)
 s - an uncursed ring of loudness
   (You found it on level 3 of the Dungeon)
 w - an uncursed ring of ice
   (You found it on level 3 of the Dungeon)
 G - an amulet of the gourmand (around neck)
   (You found it on level 5 of the Dungeon)
Wands
 E - a wand of polymorph (2/24)
   (You took it off Edmund on level 5 of the Dungeon)
Scrolls
 e - a scroll of blinking
 g - 2 scrolls of amnesia
 j - 2 scrolls of recharging
 l - 2 scrolls of identify
 p - 4 scrolls of remove curse
 r - a scroll of immolation {unknown}
 u - a scroll of enchant armour {unknown}
 y - a scroll of magic mapping
 A - a scroll of fog {unknown}
 J - a scroll of random uselessness {unknown}
 L - 2 scrolls of vulnerability
 N - a scroll of teleportation {unknown}
 P - a scroll of brand weapon {unknown}
Potions
 t - a potion of mutation
 x - a potion of ambrosia {unknown}
 z - 2 potions of flight {unknown}
 C - 3 potions of lignification {unknown}
 F - a potion of cure mutation
 M - a potion of heal wounds
 O - a potion of berserk rage {unknown}
 Q - a potion of beneficial mutation {unknown}
Comestibles
 f - 8 bread rations
 i - 8 slices of pizza
 k - 4 beef jerkies
 m - 4 meat rations
 n - a royal jelly
 R - 3 chunks of flesh


   Skills:
 + Level 9.6(13.2) Fighting
 + Level 10.8(14.4) Axes
 - Level 3.6(7.4) Armour
 * Level 11.0(14.6) Shields


You had 9 spell levels left.
You didn't know any spells.

Dungeon Overview and Level Annotations

Branches:
Dungeon (8/15)             Temple (1/1) D:5
   Lair: D:8-11

Altars:
Ashenzari
Cheibriados
Dithmenos
Elyvilon
Fedhas
Hepliaklqana
Kikubaaqudgha
Makhleb
Nemelex Xobeh
Okawaru
Qazlal
Ru
Sif Muna
Trog
Uskayaw
Vehumet
Xom
Yredelemnul
Zin
The Shining One

Shops:
D:5 (

Annotations:
D:5 1 runed door


Innate Abilities, Weirdness & Mutations

You reflexively headbutt those who attack you in melee.
You have a pair of horns on your head.


Message History

You block the hound's attack.
There is a stone staircase leading up, spattered with blood here.
You see here a tomahawk.
You block the adder's attack. The hound bites you but does no damage.
You block the wight's attack.
The wight hits you from afar with an enchanted spear.
You climb upwards.
There is a stone staircase leading down here.
You hit the adder. You headbutt the adder!
You kill the adder!
Okawaru accepts your kill.
You barely miss the hound. You hit the wight but do no damage.
The hound bites you but does no damage. The wight barely misses you.
You furiously retaliate!
You headbutt the wight. The hound bites you but does no damage.
You block the hound's attack. The wight barely misses you.
There are monsters nearby!
The hound bites you. You block the wight's attack.
You block the hound's attack.
There is a stone staircase leading down here.
You slash the wight! You headbutt the wight.
You destroy the wight!
Okawaru accepts your kill.
Your Shields skill increases to level 11!
You closely miss the hound. The hound barely misses you.
You slash the hound! You headbutt the hound. The hound completely misses you.
The hound bites you.
You miss the hound. You block the hound's attack.
You slash the hound!
You kill the hound!
Okawaru accepts your kill.
Things that are here:
a robe; a flail; a hound corpse You butcher the hound corpse.
R - 3 chunks of flesh
Things that are here:
a robe; a flail; a hound skeleton
Things that are here:
an enchanted spear; a robe
There is a stone staircase leading down here.
You climb downwards.
The hornet stings you.
You feel yourself slow down. The wight hits you but does no damage.
You block the hornet's attack. The wight hits you with a battleaxe.
You feel drained. The wight hits you but does no damage.
There is a stone staircase leading up, spattered with blood here.
You see here a tomahawk.
You feel yourself speed up. The hornet stings you!
You suddenly lose the ability to move!
The wight hits you with a battleaxe!
You feel drained. The hornet stings you!
You shrug off the repeated paralysis!
The orc wizard hits you but does no damage.
The wight hits you with an enchanted spear.
You feel drained.
The orc throws a tomahawk.
The tomahawk hits you. The hornet barely misses you.
The wight hits you with a battleaxe!
You feel drained.
The orc wizard hits you but does no damage.
The hornet stings you.
* * * LOW HITPOINT WARNING * * *
You feel yourself slow down. The wight hits you but does no damage.
The orc throws a tomahawk.
The tomahawk hits you but does no damage.
The hornet stings you!
* * * LOW HITPOINT WARNING * * *
You feel as though you will be slow longer.
The orc wizard hits you with a dagger.
* * * LOW HITPOINT WARNING * * *
The wight hits you but does no damage. The orc warrior hits you with a mace.
* * * LOW HITPOINT WARNING * * *
The wight hits you with a battleaxe.
* * * LOW HITPOINT WARNING * * *
The hornet stings you!
* * * LOW HITPOINT WARNING * * *
You are poisoned.
You feel as though you will be slow longer.
You can move again.
You climb upwards.
You feel sick.
There is a stone staircase leading down here.
You gain the combat prowess of a mighty hero.
You feel sick. The hornet completely misses you. You furiously retaliate!
You headbutt the hornet. The orc wizard barely misses you.
You furiously retaliate!
You headbutt the orc wizard! You block the wight's attack.
The wight closely misses you. The hornet completely misses you.
The orc wizard misses you. You block the wight's attack.
You hit the orc wizard. You barely miss the hornet. You slash the wight!
You feel sick.
The hornet stings you but does no damage.
The wight hits you but does no damage. You block the orc wizard's attack.
You block the wight's attack. You block the hornet's attack.
You closely miss the orc wizard. Your headbutt misses the orc wizard.
You hit the hornet. You closely miss the wight.
You feel sick. The hornet barely misses you. You furiously retaliate!
You headbutt the hornet.
The orc wizard hits you but does no damage.
The wight hits you but does no damage. x2
You completely miss the orc wizard. You slash the wight!
You destroy the wight!
Okawaru accepts your kill.
You hit the hornet but do no damage.
You feel sick. The hornet stings you.
You die...

▒▒▒▒ ▒... ▒.▒▒ ▒.▒ ▒.▒
▒▒▒▒▒▒▒▒▒▒▒▒▒▒▒▒▒▒▒▒.▒▒
▒....)Hyz..............
▒▒.▒▒▒▒o▒▒▒▒▒▒▒▒▒▒▒▒....
▒▒▒▒.......................
▒.......▒▒.▒.▒▒.▒▒▒▒▒▒▒▒...
▒.▒.....▒▒.................
▒.▒.▒..▒▒▒▒▒.▒.............
▒.▒....▒ ▒.▒....▒▒▒▒▒▒▒▒.
▒▒▒.▒▒▒.▒▒ ▒.▒....▒ ▒.
▒.......▒ ▒.▒▒▒▒▒▒ ▒.


You could see a hornet, a wight and an orc wizard.

Vanquished Creatures
  A deep elf mage (D:7)
  3 hogs (D:7)
  4 yaks (D:7)
  A human (D:7)
  A hungry ghost (D:7)
  The ghost of SeriousMike the Shield-Bearer, an amateur FoFi (D:3)
  Duvessa (D:5)
  Edmund (D:5)
  A sky beast (D:6)
  2 ogres (D:7)
  A black bear (D:7)
  A centaur (D:6)
  A wyvern zombie (D:7)
  3 bullfrogs (D:6)
  Dowan (D:5)
  A scorpion (D:5)
  3 wights (D:7)
  A howler monkey (D:4)
  4 crimson imps
  A bullfrog zombie (D:6)
  A centaur zombie (D:6)
  A jelly (D:6)
  A quasit (D:6)
  3 hounds
  5 orc wizards
  A gnoll shaman (D:5)
  An orc priest (D:4)
  5 iguanas
  9 worker ants
  A hound skeleton (D:6)
  A worker ant zombie (D:5)
  Robin (D:4)
  6 gnolls
  14 adders
  An ooze (D:4)
  A worm (D:2)
  3 dart slugs
  2 leopard geckos
  17 orcs
  6 giant cockroaches
  13 goblins
  4 hobgoblins
  10 jackals
  8 kobolds
  A quokka (D:6)
  3 ball pythons
  4 bats (D:1)
  2 frilled lizards
  A leopard gecko skeleton (D:7)
  A quokka skeleton (D:7)
  A quokka zombie (D:7)
  6 rats
  2 butterflies (D:5)
169 creatures vanquished.

Notes
Turn   | Place    | Note
-------+----------+-------------------------------------------
     0 | D:1      | Jesseh the Minotaur Fighter began the quest for the Orb.
     0 | D:1      | Reached XP level 1. HP: 19/19 MP: 0/0
   169 | D:1      | Reached XP level 2. HP: 25/27 MP: 1/1
   324 | D:1      | Reached skill level 3 in Axes
   835 | D:2      | Found a faded altar of an unknown god.
   958 | D:2      | Reached skill level 4 in Fighting
   958 | D:2      | Reached skill level 4 in Shields
   958 | D:2      | Reached XP level 3. HP: 25/33 MP: 2/2
  1158 | D:2      | Reached skill level 4 in Axes
  1158 | D:2      | Reached XP level 4. HP: 17/40 MP: 3/3
  1669 | D:3      | Noticed SeriousMike's ghost (amateur FoFi)
  1676 | D:3      | Killed SeriousMike's ghost
  1676 | D:3      | Reached skill level 5 in Axes
  1676 | D:3      | Reached XP level 5. HP: 39/47 MP: 4/4
  2089 | D:3      | Reached skill level 5 in Shields
  2096 | D:3      | Reached skill level 5 in Fighting
  2109 | D:3      | Found a radiant altar of Vehumet.
  2541 | D:4      | Reached XP level 6. HP: 53/56 MP: 5/5
  2616 | D:4      | Noticed Robin
  2629 | D:4      | Killed Robin
  2629 | D:4      | Reached skill level 6 in Axes
  2844 | D:4      | Found a sacrificial altar of Ru.
  2848 | D:4      | Found an ancient bone altar of Kikubaaqudgha.
  2853 | D:4      | Found a sparkling altar of Nemelex Xobeh.
  3776 | D:5      | Entered Level 5 of the Dungeon
  3840 | D:5      | Found a staircase to the Ecumenical Temple.
  3842 | D:5      | Noticed Duvessa
  4150 | D:5      | Noticed Dowan
  4158 | D:5      | Killed Duvessa
  4158 | D:5      | Reached skill level 7 in Axes
  4158 | D:5      | Reached XP level 7. HP: 45/62 MP: 6/6
  4163 | D:5      | Killed Dowan
  4267 | Temple   | Entered the Ecumenical Temple
  4342 | Temple   | Became a worshipper of Warmaster Okawaru
  4492 | D:5      | Noticed Edmund
  4503 | D:5      | Killed Edmund
  4503 | D:5      | Reached skill level 6 in Fighting
  4633 | D:5      | Reached skill level 6 in Shields
  4931 | D:5      | Reached skill level 8 in Axes
  5006 | D:5      | Found Ygreh's Weapon Shop.
  5083 | D:5      | Found a runed door.
  5115 | D:5      | Found a runed door.
  5472 | D:5      | Reached XP level 8. HP: 65/71 MP: 7/7
  5489 | D:5      | HP: 14/71 [worker ant (5)]
  5498 | D:5      | HP: 17/71 [poisoned by a worker ant]
  5503 | D:5      | HP: 14/71 [poisoned by a worker ant]
  5508 | D:5      | HP: 12/71 [poisoned by a worker ant]
  5515 | D:5      | HP: 10/71 [poisoned by a worker ant]
  5523 | D:5      | HP: 10/71 [poisoned by a worker ant]
  5855 | D:6      | Reached * piety under Okawaru
  5855 | D:6      | Reached skill level 7 in Fighting
  5860 | D:6      | Reached skill level 9 in Axes
  5868 | D:6      | Reached skill level 7 in Shields
  5990 | D:6      | Got an iridescent quarterstaff
  6122 | D:6      | Reached skill level 8 in Shields
  6458 | D:7      | Reached ** piety under Okawaru
  6458 | D:7      | Reached skill level 8 in Fighting
  6458 | D:7      | Reached XP level 9. HP: 62/81 MP: 8/8
  6848 | D:7      | Noticed a deep elf mage
  6857 | D:7      | Killed a deep elf mage
  6857 | D:7      | Reached skill level 10 in Axes
  6857 | D:7      | Reached skill level 9 in Shields
  6957 | D:7      | Reached skill level 9 in Fighting
  6957 | D:7      | Reached skill level 10 in Shields
  7430 | D:7      | Reached *** piety under Okawaru
  7448 | D:7      | HP: 21/84 [yak (6)]
  7449 | D:7      | Reached XP level 10. HP: 23/91 MP: 9/9
  7768 | D:7      | Reached skill level 11 in Shields
  7779 | D:8      | Paralysed by a hornet for 3 turns
  7781 | D:8      | HP: 22/91 [orc warrior/mace (1)]
  7781 | D:8      | HP: 9/91 [hornet (10)]
  7786 | D:7      | HP: 5/92 [poisoned by a hornet]
  7786 | D:7      | Slain by a hornet

Skill      XL: |  1  2  3  4  5  6  7  8  9 10 |
---------------+-------------------------------+-----
Axes           | 3 4 5 7 8 9 10 | 10.8
Fighting       | 4 5 6 8 9 |  9.6
Shields        | 4 5 6 8 10 11 | 11.0
Armour         | |  3.6

Action                   |  1- 3 |  4- 6 |  7- 9 | 10-12 || total
-------------------------+-------+-------+-------+-------++-------
Melee: War axe           |    65 |   126 |   281 |    12 ||   484
       Headbutt          |     6 |    15 |    58 |     3 ||    82
       Unarmed           |       |       |     1 |       ||     1
Invok: Heroism           |       |       |     1 |     1 ||     2
  Use: Scroll            |       |     3 |     6 |       ||     9
       Potion            |       |       |     3 |       ||     3
  Eat: Chunk             |     1 |     7 |    30 |     1 ||    39
       Bread ration      |       |     1 |       |       ||     1
Armor: Scale mail        |    33 |    53 |   101 |    15 ||   202
Dodge: Dodged            |    16 |    34 |    87 |    13 ||   150
Block: Shield            |    34 |    62 |   143 |    18 ||   257

Vault maps used:
D:1:      dpeg_arrival_ternary
D:2:      ecumenical_altar_1
D:3:      old_standard_altar, serial_aquarium, aquarium_bridge_long_separate,
          aquarium_bridge_island_small, aquarium_window_fake,
          aquarium_window_corner, aquarium_window_fake, aquarium_view_2d,
          aquarium_view_4, aquarium_pool_2, first_bread
D:4:      gammafunk_temple_overflow_forgotten, serial_co_window_serial,
          co_window_corner_a, co_window_corner_a, co_window_corner_a,
          co_window_paths_a, co_window_paths_a, co_window_paths_c,
          co_window_cross_2, co_window_of_opportunity_b,
          co_window_of_opportunity_b, co_window_corner_b,
          co_window_of_opportunity_c, co_window_of_opportunity_b,
          co_window_4corner_a, co_window_paths_e, glass_columns_a,
          glass_columns_c, glass_columns_b, uniq_robin
D:5:      lemuel_insect_pit, serial_shops, shop, grunt_ministairs_9,
          uniq_duvessa, uniq_edmund
D:7:      grunt_livestock
Temple:   nicolae_temple_elliptical

Table legend:
 A = Turns spent in this place as a percentage of turns spent in the entire game.
 B = Non-inter-level travel turns spent in this place as a percentage of non-inter-level travel turns spent in the entire game.
 C = Inter-level travel turns spent in this place as a percentage of turns spent in this place.
 D = Turns resting spent in this place as a percentage of non-inter-level travel turns spent in this place.
 E = Turns spent auto-exploring this place as a percentage of non-inter-level travel turns spent in this place.
 F = Non-inter-level travel turns spent in this place divided by the number of levels of this place that you've seen.
                   A       B       C       D       E      F
               +-------+-------+-------+-------+-------+----------------------
         Total | 100.0 | 100.0 |   0.7 |   2.8 |  11.7 | 156.0
       Dungeon |  98.7 |  98.8 |   0.6 |   2.9 |  10.8 | 173.4
        Temple |   1.3 |   1.2 |  10.5 |   0.0 |  82.4 |  17.0
               +-------+-------+-------+-------+-------+----------------------

Table legend:
 A = Kills in this place as a percentage of kills in entire the game.
 B = Kills by you in this place as a percentage of kills by you in the entire game.
 C = Kills by friends in this place as a percentage of kills by friends in the entire game.
 D = Other kills in this place as a percentage of other kills in the entire game.
 E = Experience gained in this place as a percentage of experience gained in the entire game.
 F = Experience gained in this place divided by the number of levels of this place that you have seen.
                   A       B       C       D       E      F
               +-------+-------+-------+-------+-------+----------------------
         Total | 100.0 | 100.0 |  -nan |  -nan | 100.0 | 658.1
       Dungeon | 100.0 | 100.0 |  -nan |  -nan | 100.0 | 740.4
               +-------+-------+-------+-------+-------+----------------------
